 Dungeon Crawl Stone Soup version 0.30-a0-867-g305f33218d (webtiles) character file.

Game seed: 3113695873335795937

13 Jeffwins the Trooper (level 2, 27/27 HPs)
             Began as a Human Wanderer on Mar 10, 2023.
             Was a Follower of Okawaru.
             Quit the game on level 1 of the Dungeon.
             The game lasted 00:00:59 (319 turns).

Jeffwins the Trooper (Human Wanderer)                Turns: 319, Time: 00:01:00

Health: 27/27      AC:  5    Str: 14    XL:     2   Next: 50%
Magic:  2/2        EV: 11    Int:  9    God:    Okawaru [*.....]
Gold:   0          SH:  0    Dex: 11    Spells: 2/2 levels left

rFire   . . .      SeeInvis .    a - +1 dagger
rCold   . . .      Faith    .    (no shield)
rNeg    . . .      Spirit   .    f - +0 leather armour
rPois   .          Reflect  .    (no helmet)
rElec   .          Rampage  .    (no cloak)
rCorr   .                        (no gloves)
Will    .....                    (no boots)
Stlth   ++                       (no amulet)
HPRegen 0.24/turn                (no ring)
MPRegen 0.08/turn                (no ring)

@: no status effects
A: claws 1, iridescent scales 1, dopey 1
a: Renounce Religion, Heroism


You were on level 1 of the Dungeon.
You worshipped Okawaru.
Okawaru was aware of your devotion.
You visited 1 branch of the dungeon, and saw 1 of its levels.


Innate Abilities, Weirdness & Mutations

You have sharp fingernails.
You are partially covered in iridescent scales. (AC +2)
You are dopey. (Int -2)


   Skills:
 - Level 5.0 Fighting
 * Level 1.1 Short Blades
 + Level 0.6 Throwing
 - Level 2.0 Armour
 + Level 2.2 Stealth
 + Level 0.5 Spellcasting
 - Level 1.0 Evocations


You had 2 spell levels left.
You didn't know any spells.
Your spell library was empty.

Inventory:

Hand Weapons
 a - a +1 dagger (weapon)
Missiles
 b - an atropa-tipped dart (quivered)
 c - a datura-tipped dart
Armour
 f - a +0 leather armour (worn)
Scrolls
 d - a scroll of teleportation {unknown}
 e - 2 scrolls of blinking
 g - a scroll of fear {unknown}
Potions
 i - a potion of brilliance {unknown}

Dungeon Overview and Level Annotations

Branches:
Dungeon (1/15)

Altars:
Okawaru

..# ..# #+## ..# #...##
..###.....## ##
.###.......## ##.##
.##.........# ##...##
..+.#####...+ .....#
.#.#.....#..# ##...##.##
#..~.....~#.###.@.......
.#~.~...~~.#.##.##......
#..~.~~~.~..#.#.# .....
#...~.≈≈~~~~#.#.# ....
#....≈.⚑≈.......# g..
#...~.≈≈~~~~#.### ..
#..~.~~~.~..#.# .
.#~.~...~~.#.##
...~.....~#.##


You could see a goblin.


Message History

The endoplasm is severely wounded.
The endoplasm freezes you.
You are frozen.
You hit the endoplasm.
You kill the endoplasm!
Okawaru accepts your kill.
No target in view!
No target in view!
No target in view!
No target in view!
No target in view!
No target in view!
No target in view!
No target in view!
No target in view!
No target in view!
No target in view!
No target in view!
No target in view!
Unknown command.
i - a fizzy cyan potion A goblin comes into view.
It is wielding a +0 club.
The goblin shouts!
A goblin is nearby!
Really quaff
h - a potion of mutation {!q}?
Really quaff the potion of mutation?
You feel extremely strange.
You regain control of your magic.
You feel stupid. x2
Iridescent scales grow over part of your body.
Are you sure you want to abandon this character and quit the game? (Confirm with "yes".)

Skill      XL: |  1 |
---------------+----+-----
Short Blades   | 1 |  1.1
Fighting       | |  5.0
Throwing       | |  0.6
Armour         | |  2.0
Stealth        | |  2.2
Spellcasting   | |  0.5
Evocations     | |  1.0

Action                     || total
---------------------------++-------
  Melee: Dagger            ||    25
    Use: Potion            ||     3
  Dodge: Dodged            ||    16

Levels and vault maps discovered:
D:1:      dpeg_arrival_round_b, layout_loops_corners,
          shapermc_ecumenical_altar_starsandcircs

Notes
Turn   | Place    | Note
-------+----------+-------------------------------------------
     0 | D:1      | Jeffwins the Human Wanderer began the quest for the Orb.
     0 | D:1      | Jeffwins set off with the following items: a +1 dagger, an
                  | atropa-tipped dart, a datura-tipped dart, a potion of
                  | mutation {!q}, a scroll of blinking, a +0 leather armour.
     0 | D:1      | Reached XP level 1. HP: 21/21 MP: 1/1
     0 | D:1      | Gained mutation: Your spells are a little harder to cast,
                  | but a little more powerful. [potion of mutation]
     0 | D:1      | Gained mutation: Your mind is acute. (Int +4, Str/Dex -1)
                  | [potion of mutation]
     0 | D:1      | Gained mutation: You have sharp fingernails. [potion of
                  | mutation]
   130 | D:1      | Reached skill level 1 in Short Blades
   130 | D:1      | Reached XP level 2. HP: 8/27 MP: 2/2
   234 | D:1      | Found a faded altar of an unknown god.
   277 | D:1      | Prayed at the altar of an unknown god.
   277 | D:1      | Became a worshipper of Warmaster Okawaru
   277 | D:1      | Reached * piety under Okawaru
   318 | D:1      | Lost mutation: Your spells are a little harder to cast, but
                  | a little more powerful. [potion of mutation]
   318 | D:1      | Lost mutation: Your mind is acute. (Int +4, Str/Dex -1)
                  | [potion of mutation]
   318 | D:1      | Gained mutation: You are dopey. (Int -2) [potion of
                  | mutation]
   318 | D:1      | Gained mutation: You are partially covered in iridescent
                  | scales. (AC +2) [potion of mutation]
   319 | D:1      | Quit the game

Vanquished Creatures
  A gnoll (D:1)
  An endoplasm (D:1)
  A quokka (D:1)
  A rat (D:1)
4 creatures vanquished.

Table legend: (Time is in decaauts)
 A = Elapsed time spent in this place.
 B = Non-inter-level travel time spent in this place.
 C = Inter-level travel time spent in this place.
 D = Time resting spent in this place.
 E = Time spent auto-exploring this place.
 F = Levels seen in this place.
 G = Mean time per level.
                   A        B        C        D        E       F      G
               +--------+--------+--------+--------+--------+-----+--------+
         Total |    320 |    320 |      0 |      0 |    243 |   1 |  320.0 |
       Dungeon |    320 |    320 |      0 |      0 |    243 |   1 |  320.0 |
               +--------+--------+--------+--------+--------+-----+--------+

Top non-repeatable levels by time:
     D:1: 320 daAuts

Table legend:
 A = Non-vault XP
 B = Vault XP
 C = Vault XP percentage of total XP
 D = Non-vault monster count
 E = Vault monster count
 F = Vault count percentage of total count
                 A         B        C        D         E       F
            +---------+---------+-------+---------+---------+-------
      Total |      19 |       0 |   0.0 |       4 |       0 |   0.0
            +---------+---------+-------+---------+---------+-------
        D:1 |      19 |       0 |   0.0 |       4 |       0 |   0.0
            +---------+---------+-------+---------+---------+-------
